 Dungeon Crawl Stone Soup version 0.18.1-5-g4a78601 (webtiles) character file.

100 Rattbag the Ruffian (level 4, -5/44 HPs)
             Began as a Troll Monk on May 14, 2016.
             Slain by Terence
             ... wielding a +2 mace of protection
              (6 damage)
             ... on level 3 of the Dungeon.
             The game lasted 00:09:50 (973 turns).

Rattbag the Ruffian (Troll Monk)                     Turns: 973, Time: 00:09:50

Health: -5/44      AC:  5    Str: 19    XL:     4   Next: 47%
Magic:  3/3        EV: 11    Int:  6    God:
Gold:   91         SH:  0    Dex: 13    Spells: 0 memorised, 3 levels left

rFire  . . .     SeeInvis .     d - +0 hand axe
rCold  . . .     Gourm    +     a - +0 robe
rNeg   . . .     Faith    .     (no shield)
rPois  .         Spirit   .     (helmet restricted)
rElec  .         Dismiss  .     (no cloak)
rCorr  .         Reflect  .     (gloves unavailable)
SustAt .         Harm     .     (boots unavailable)
MR     .....                    (no amulet)
Stlth  ++........               (no ring)
                                l - +2 ring of slaying

@: not resistant to hostile enchantments, unstealthy
A: unfitting armour, claws 3, fast metabolism 3, gourmand, regeneration 2,
shaggy fur 1, tough skin 2
a: no special abilities


You were on level 3 of the Dungeon.
You were near starving.

You visited 1 branch of the dungeon, and saw 3 of its levels.

You collected 91 gold pieces.

Inventory:

Hand Weapons
 c - a +0 whip
 d - a +0 hand axe (weapon)
Missiles
 q - 7 exploding tomahawks (quivered)
Armour
 a - a +0 robe (worn)
Jewellery
 l - a +2 ring of slaying (left claw)
Scrolls
 e - a scroll of identify
 g - a scroll of noise {unknown}
 h - a scroll of enchant weapon {unknown}
 i - a scroll of teleportation {unknown}
 k - 2 scrolls of enchant armour
 r - a scroll of remove curse {unknown}
Potions
 f - a potion of invisibility {unknown}
 o - a potion of heal wounds {unknown}
 p - a potion of might {unknown}
Comestibles
 b - 4 bread rations
 j - 2 slices of pizza
 m - a fruit
 n - 2 meat rations


   Skills:
 + Level 2.9 Fighting
 + Level 1.0 Axes
 + Level 3.3 Dodging
 + Level 1.2 Stealth
 + Level 4.4 Unarmed Combat


You had 3 spell levels left.
You didn't know any spells.

Dungeon Overview and Level Annotations

Branches:
Dungeon (3/15)

Altars:

Annotations:
D:3 Terence; ThereIsNoGod's ghost, amateur GrFi


Innate Abilities, Weirdness & Mutations

You are too large for most types of armour.
You have claws for hands.
Your metabolism is lightning-fast.
You like to eat raw meat.
You heal very quickly.
You are covered in fur (AC +1).
You have very tough skin (AC +2).


Message History

Terence hits you with a mace of protection.
The dart slug bites you but does no damage.
The dart slug barely misses you.
You see here a club.
ThereIsNoGod's ghost hits you.
As you read the scroll labeled CUFUIGRE ISEAH, it crumbles to dust.
It is a scroll of identify.
Identify which item? (\ to view known items) (? for menu, Esc to quit)
k - 2 scrolls of enchant armour ThereIsNoGod's ghost hits you.
Terence hits you with a mace of protection.
You are near starving!
You barely miss ThereIsNoGod's ghost. You hit Terence but do no damage.
Terence is lightly wounded.
ThereIsNoGod's ghost hits you.
* * * LOW HITPOINT WARNING * * *
ThereIsNoGod's ghost hits you!
* * * LOW HITPOINT WARNING * * *
Terence hits you with a mace of protection.
You die...

#.... ....≈≈.
###.........#..
#.............#
#.............###
#.............#...
#......#......>...
#......#)...#.#...
#...@..w........#
#..@Ww)#......#
#########.....#
#.)#..# #
#..#..#.#
#.......# #
####.####
....###.#####
#...†....#
#.####.##.#


You could see Terence, ThereIsNoGod's ghost and 2 dart slugs.

Vanquished Creatures
  5 adders
  An ooze (D:1)
  A worm (D:2)
  2 dart slugs (D:1)
  3 giant geckos
  A bat (D:2)
  A giant cockroach (D:2)
  3 goblins
  4 hobgoblins
  4 jackals (D:2)
  A quokka (D:2)
  A ball python (D:2)
  5 giant newts (D:1)
  8 kobolds
  3 rats
43 creatures vanquished.

Notes
Turn   | Place    | Note
--------------------------------------------------------------
     0 | D:1      | Rattbag the Troll Monk began the quest for the Orb.
     0 | D:1      | Reached XP level 1. HP: 22/22 MP: 0/0
     0 | D:1      | Noticed a felid
     6 | D:1      | Noticed a troll
    25 | D:1      | Noticed an octopode
    25 | D:1      | Noticed a felid
    27 | D:1      | Noticed a human
    27 | D:1      | Noticed a dwarf
    29 | D:1      | Noticed a vine stalker
    32 | D:1      | Noticed a troll
   121 | D:1      | Reached XP level 2. HP: 29/29 MP: 1/1
   369 | D:2      | Reached XP level 3. HP: 36/36 MP: 2/2
   473 | D:2      | Reached skill level 1 in Axes
   656 | D:2      | Reached XP level 4. HP: 44/44 MP: 3/3
   957 | D:3      | Noticed Terence
   963 | D:3      | Noticed ThereIsNoGod's ghost (amateur GrFi)
   973 | D:3      | HP: 1/44 [ThereIsNoGod's ghost (11)]
   973 | D:3      | Slain by Terence

Skill      XL: |  1  2  3 |
---------------+----------+-----
Axes           | 1 |  1.0
Dodging        | 3 |  3.3
Fighting       | |  2.9
Stealth        | |  1.2
Unarmed Combat | |  4.4

Action                   |  1- 3 |  4- 6 || total
-------------------------+-------+-------++-------
Melee: Hand axe          |   130 |    48 ||   178
       Punch             |     1 |     2 ||     3
  Use: Scroll            |       |     1 ||     1
  Eat: Bread ration      |     1 |       ||     1
       Fruit             |       |     1 ||     1
Armor: Robe              |    62 |    20 ||    82
Dodge: Dodged            |    86 |    33 ||   119
